Workbook
Name ColumnTitleRegion2..C6.1: Summary!$C$5
Name TotalMonthlySavings: Income!$B$14
Name ColumnTitleRegion3..C8.1: Summary!$C$7
Name ColumnTitleRegion3..C8.1: Income!$B$13
Name TotalMonthlyExpenses: Income!$B$12
Name TotalMonthlyIncome: Summary!$C$4
Name BudgetTitle: Summary!$B$1
Name TotalMonthlyIncome: #REF!
Name ColumnTitleRegion2..C6.1: Income!$B$11
Name TotalMonthlySavings: Summary!$C$8
Name ColumnTitleRegion4..C10.1: Income!$B$15
Name ColumnTitleRegion1..C4.1: Summary!$C$3
Name TotalMonthlyExpenses: Summary!$C$6
Name ColumnTitleRegion1..C4.1: #REF!
Name Percentage_of_Income_Spent: 'Chart Data'!$B$5
Name ColumnTitleRegion4..C10.1: Summary!$C$9
Name BudgetTitle: Income!$B$1

Sheet Summary
B1: Personal Budget
B2: Percentage of Income Spent | C2: Summary
B3: =Percentage_of_Income_Spent -> #REF! | C3: TOTAL MONTHLY INCOME | D3: Column chart showing total monthly income and total monthly expenses is in this cell.
C4: =Income!B12 -> 500
C5: TOTAL MONTHLY EXPENSES
C6: ='Monthly Expenses'!D11 -> 380
C7: TOTAL MONTHLY SAVINGS
C8: =Savings!C7 -> 100
C9: CASH BALANCE
C10: =Summary!TotalMonthlyIncome-Summary!TotalMonthlyExpenses-Summary!TotalMonthlySavings -> 20
C13: Percentage of Income Spent | D13: Summary
D16: Tithe | E16: ='Monthly Expenses'!D4 -> 50
D17: Savings | E17: =Savings!C7 -> 100
D18: Rent | E18: ='Monthly Expenses'!C5 -> 50
D19: Transportation | E19: ='Monthly Expenses'!C6 -> 50
D20: Food and Toiletries | E20: ='Monthly Expenses'!C7 -> 150
D21: Personal care | E21: ='Monthly Expenses'!C8 -> 50
D22: Misc/Other | E22: ='Monthly Expenses'!C9 -> 50
D23: Total | E23: =SUM(E16:E22) -> 500

Sheet Income
B1: Personal Budget
B3: Monthly Income
B4: ITEM | C4: Projected | D4: Actual
B5: Income 1 | C5: 500 | D5: 500
B6: Income 2
B7: Income 3
C8: =SUM(C5:C7) -> 500 | D8: =SUM(D5:D7) -> 500
B10: Summary - enter your income in the column and see recommended spending based on the 50/30/20 rule
B11: Income
B12: =D8 -> 500
B13: TOTAL MONTHLY SAVINGS (including tithe)
B14: =B12*0.3 -> 150
B15: Spending on needs (food, toiletries, bills etc)
B16: =B12*0.5 -> 250
B17: Spending on wants (clothes, subscriptions, etc.)
B18: =B12*0.2 -> 100

Sheet Savings
B1: =BudgetTitle -> Personal Budget
B2: Monthly Savings
B3: DATE | C3: Amount
B4: Sept 1 | C4: 100
B5: Date | C5: 0
B6: Date | C6: 0
C7: =SUM(C4:C6) -> 100

Sheet Monthly Expenses
B1: =BudgetTitle -> Personal Budget
B2: Monthly Expenses
B3: ITEM | C3: Budget | D3: Actual | E3: Difference
B4: Tithe | C4: 50 | D4: 50 | E4: =C4-D4 -> 0
B5: Rent | C5: 50 | D5: 50 | E5: =C5-D5 -> 0
B6: Transportation | C6: 50 | D6: 60 | E6: =C6-D6 -> -10
B7: Food and Toiletries | C7: 150 | D7: 100 | E7: =C7-D7 -> 50
B8: Personal care | C8: 50 | D8: 60 | E8: =C8-D8 -> -10
B9: Miscellaneous | C9: 50 | D9: 60 | E9: =C9-D9 -> -10
B10: Savings | C10: 100 | E10: =C10-D10 -> 100
C11: =SUM(C4:C10) -> 500 | D11: =SUM(D4:D10) -> 380 | E11: =SUM(E4:E10) -> 120

Sheet Transaction
A2: Opening balance | C2: =Income!B12 -> 500
A4: Date | B4: Description | C4: Category | D4: Amount | E4: Balance | F4: Notes
E5: =C2-D5 -> 500
E6: =E5-D6 -> 500
E7: =E6-D7 -> 500
E8: =E7-D8 -> 500
E9: =E8-D9 -> 500
E10: =E9-D10 -> 500
E11: =E10-D11 -> 500
E12: =E11-D12 -> 500
E13: =E12-D13 -> 500
E14: =E13-D14 -> 500
E15: =E14-D15 -> 500
E16: =E15-D16 -> 500
E17: =E16-D17 -> 500
... E21: =E20-D21 -> 500
C25: Total | D25: =SUM(D5:D24) -> 0
C26: Closing Balance | D26: =C2-D25 -> 500
C27: Balance where
C28: Cash | D28: 500
C29: Momo | D29: 0
C30: Account | D30: 0
D31: =SUM(D28:D30) -> 500
B32: Tithe
B33: Rent
B34: Transportation
B35: Food and Toiletries
B36: Personal care
B37: Miscellaneous

Sheet Chart Data
B2: CHART DATA
B4: =MIN(1,1-B5) -> #REF!
B5: =MIN(TotalMonthlyExpenses/TotalMonthlyIncome,1) -> #REF!
B6: =(TotalMonthlyExpenses/TotalMonthlyIncome)>1 -> #REF!
